AoeStats
← MWPS | VERGATE

Arabia

510239545Analyzed
1v1 RM · 2d ago on Sep 30, 2026· 56m 15s· 2 players
Game mode
Random Map
Map size
Tiny (2 player)
Population
200
Speed
Normal
Resources
Standard
Victory
Conquest
Starting age
Dark Age
Ending age
Imperial Age
RankedLock teamsTeams togetherTeam positionsShared explorationLock speedFull tech treeHidden civsTurbo modeCheats
Victory
Defeat
🇧🇷 Varangians · Brazil
1108
+15
🇦🇷 Teutons · Argentina
1096
-15
XEVER | faqqq90
6:33 Loom
10:13 Feudal Age
13:53 Double-Bit Axe
13:51 Horse Collar
17:28 Fletching
24:45 Castle Age
26:46 Forging
26:51 Bow Saw
27:43 Pikeman
32:33 Bloodlines
41:31 Imperial Age
40:58 Town Watch
41:51 Wheelbarrow
41:57 Wheelbarrow
42:06 Iron Casting
41:32 Scale Mail Armor
51:16 Squires
53:46 Chain Mail Armor
MWPS | VERGATE
8:09 Loom
12:39 Feudal Age
13:13 Double-Bit Axe
13:10 Horse Collar
15:59 Bloodlines
19:05 Forging
20:04 Scale Barding Armor
21:15 Wheelbarrow
24:29 Castle Age
24:59 Gold Mining
27:51 Bow Saw
28:01 Stone Mining
29:46 Iron Casting
29:36 Fletching
30:59 Chain Barding Armor
36:59 Bodkin Arrow
45:37 Imperial Age
43:35 Vendel Legacy
48:56 Cavalier
51:33 Blast Furnace
51:27 Hand Cart
51:01 Capped Ram
54:08 Plate Barding Armor
Connection lost

Rejoining the realm…

Still unreachable

The connection could not be restored.

Session expired

The server has moved on; the page needs a fresh start.